 Seeded DCSS version 0.31-a0-728-g01b46875f1 (webtiles) character file.

Game seed: 20230823 (custom seed)

291 greenwhat the Poker (level 6, -14/55 HPs)
             Began as a Minotaur Berserker on Aug 23, 2023.
             Was a Priest of Trog.
             Killed by an exploding gnoll (32 damage)
             ... ignited by their inner flame
             ... on level 4 of the Dungeon on Sept 12, 2023.
             The game lasted 00:36:03 (3582 turns).

greenwhat the Poker (Minotaur Berserker)            Turns: 3582, Time: 00:36:05

Health: -14/55     AC:  9    Str: 23    XL:     6   Next: 10%
Magic:  5/5        EV:  9    Int:  4    God:    Trog [***...]
Gold:   128        SH:  3    Dex: 10    Spells: 5/5 levels left

rFire   . . .        a - +0 spear
rCold   . . .        j - +0 buckler
rNeg    . . .        w - +0 chain mail
rPois   .            (helmet restricted)
rElec   .            (no cloak)
rCorr   .            (no gloves)
SInv    .            (no boots)
Will    .....        (no amulet) Stlth
                     (no ring)
HPRegen 0.29/turn    (no ring)
MPRegen 0.09/turn

%: no passive effects
@: no status effects
A: horns 2, retaliatory headbutt
a: Renounce Religion, Berserk, Trog's Hand


You were on level 4 of the Dungeon.
You worshipped Trog.
Trog was most pleased with you.
You visited 1 branch of the dungeon, and saw 4 of its levels.
You also visited: Sewer.

You collected 128 gold pieces.

Inventory:

Hand Weapons
 a - a +0 spear (weapon)
 c - a +0 dagger
 d - a +0 whip
 e - a +0 club
 f - a +0 dagger
 k - a +0 short sword
 l - a +0 falchion
 m - a +1 rapier of venom
 n - a +0 club
 r - a +0 trident
 u - a +0 sling
Missiles
 h - 3 stones (quivered)
Armour
 b - a +0 animal skin
 j - a +0 buckler (worn)
 q - a +2 robe
 s - a +0 leather armour
 w - a +0 chain mail (worn)
Jewellery
 t - a ring of wizardry
Scrolls
 i - a scroll of fog
 p - a scroll of enchant weapon {unknown}
 x - a scroll of acquirement {unknown}
Potions
 o - a potion of enlightenment
 v - 2 potions of invisibility {unknown}


   Skills:
 + Level 4.9 Fighting
 + Level 6.4 Polearms
 + Level 3.5 Armour
 + Level 3.1 Dodging
 + Level 0.4 Stealth
 + Level 0.4 Shields


You had 5 spell levels left.
You didn't know any spells.
Your spell library was empty.

Dungeon Overview and Level Annotations

Branches:
Dungeon (4/15)              Sewer (visited)
 Temple: D:4-7

Altars:


Innate Abilities, Weirdness & Mutations

You have a pair of horns on your head.
You reflexively headbutt those who attack you in melee.


Message History

The sleepcap is engulfed in blazing flames.
Flame seeps out of the sleepcap.
The sleepcap is engulfed in blazing flames.
Flame seeps out of the sleepcap.
You hit the sleepcap.
Flame seeps out of the sleepcap.
The sleepcap is severely damaged.
You hit the sleepcap but do no damage. You headbutt the sleepcap!
Trog accepts your kill.
The sleepcap explodes!
The fiery explosion engulfs you.
You are engulfed in blazing flames.
* * * LOW HITPOINT WARNING * * *
The goblin unwields a +0 club.
The goblin wields a +0 sling.
The goblin shoots a sling bullet.
You block the sling bullet.
You have reached level 6!
Throw: 6 stones
Press: ? - help, Q - select action, (/) - cycle Shift-Dir - straight line You throw a stone.
The goblin shoots a sling bullet.
The sling bullet closely misses you.
Throw: 5 stones
Press: ? - help, Q - select action, (/) - cycle Shift-Dir - straight line, f - goblin
Aim: a goblin, wielding a +0 sling (45% to hit)
You throw a stone. The stone barely misses the goblin.
Throw: 4 stones
Press: ? - help, Q - select action, (/) - cycle Shift-Dir - straight line, f/p - goblin
Aim: a goblin, wielding a +0 sling (45% to hit)
You throw a stone.
The stone hits the gnoll but does no damage.
The goblin shoots a sling bullet.
The sling bullet closely misses you.
The goblin shoots a sling bullet.
The sling bullet completely misses you. The gnoll hits you with a +0 whip.
You barely miss the gnoll.
The goblin shoots a sling bullet.
You block the sling bullet.
You puncture the gnoll!
Flame seeps out of the gnoll.
The gnoll is heavily wounded.
The gnoll is engulfed in blazing flames.
Trog accepts your kill.
The gnoll explodes!
The fiery explosion engulfs you!!
Ouch! That really hurt!
You die...

###.......#
#.+.......#
######.#.......# #
#..>.#.#....).g######
#....g......g......
#..#.####.#########
#§§§.# #.# #
#§○§#####.# #
#§@§...##.# #
#....#.##.# # #....#
##.# ......# #.#
#.#.#### #.#.. # ##.
#.. #..##


You could see a goblin.

Vanquished Creatures
  A sleepcap (D:4)
  Jessica (D:2)
  Natasha (thrice) (D:2)
  Robin (D:2)
  8 adders
  2 gnolls (D:4)
  A worm (D:3)
  2 dart slugs
  An orc (D:3)
  4 endoplasms
  2 giant cockroaches
  13 goblins
  7 hobgoblins
  6 jackals (D:2)
  2 kobolds (D:1)
  4 ball pythons
  7 bats
  2 frilled lizards
  5 rats
72 creatures vanquished.

Notes
Turn   | Place    | Note
-------+----------+-------------------------------------------
     0 | D:1      | greenwhat the Minotaur Berserker began the quest for the
                  | Orb.
     0 | D:1      | Reached XP level 1. HP: 19/19 MP: 0/0
   406 | D:1      | Reached XP level 2. HP: 25/27 MP: 1/1
   521 | D:1      | Reached skill level 4 in Polearms
   620 | D:1      | Found a faded altar of an unknown god.
  1231 | D:2      | Noticed Natasha
  1241 | D:2      | Killed Natasha
  1242 | D:2      | Reached XP level 3. HP: 17/33 MP: 2/2
  1283 | D:2      | Reached ** piety under Trog
  1289 | D:2      | Noticed Natasha
  1300 | D:2      | Killed Natasha
  1301 | D:2      | Reached skill level 5 in Polearms
  1301 | D:2      | Reached XP level 4. HP: 5/41 MP: 3/3
  1513 | D:2      | Noticed Natasha
  1526 | D:2      | Killed Natasha
  1554 | D:2      | Noticed Jessica
  1559 | D:2      | Killed Jessica
  1747 | D:2      | Reached XP level 5. HP: 47/47 MP: 4/4
  1762 | D:2      | Upgraded the game from 0.31-a0-618-g7ca08c1ff9 to
                  | 0.31-a0-728-g01b46875f1
  1834 | D:2      | Noticed Robin
  1860 | D:2      | Killed Robin
  1976 | D:2      | Reached skill level 6 in Polearms
  2622 | D:3      | Found a glowing drain.
  2637 | Sewer    | Entered a sewer
  2956 | D:3      | Reached *** piety under Trog
  3565 | D:4      | Reached XP level 6. HP: 17/55 MP: 5/5
  3582 | D:4      | Killed by an exploding gnoll... ignited by their inner
                  | flame

Illustrated notes

Levels and vault maps discovered:
D:1:      lightli_arrival_chessboard, layout_loops_corners,
          ebering_ecumenical_altar_box
D:2:      layout_loops_cross, hangedman_decor_points, uniq_jessica, uniq_robin,
          uniq_natasha
D:3:      layout_loops_ring, lightli_sewer_entry_pipes, corexii_hall_statues_i
D:4:      layout_basic, nicolae_concentric_dashed_squares_mild,
          minmay_misc_feat_five, uniq_ijyb

Skill      XL: |  1  2  3  4  5 |
---------------+----------------+-----
Fighting       | 4 |  4.9
Polearms       | 4 5 6 |  6.4
Armour         | 3 |  3.5
Dodging        | 3 |  3.1
Stealth        | |  0.4
Shields        | |  0.4

Action                     |  1- 3 |  4- 6 || total
---------------------------+-------+-------++-------
  Melee: Spear             |    51 |   126 ||   177
         Headbutt          |     5 |    20 ||    25
  Throw: Stone             |       |    11 ||    11
    Use: Scroll            |     3 |     5 ||     8
         Potion            |     1 |     2 ||     3
 Armour: Animal skin       |    14 |       ||    14
         Robe              |       |    53 ||    53
         Chain mail        |       |    14 ||    14
  Dodge: Dodged            |    24 |    73 ||    97
  Block: Buckler           |     3 |    18 ||    21

Table legend: (Time is in decaauts)
 A = Elapsed time spent in this place.
 B = Non-inter-level travel time spent in this place.
 C = Inter-level travel time spent in this place.
 D = Time resting spent in this place.
 E = Time spent auto-exploring this place.
 F = Levels seen in this place.
 G = Mean time per level.
                   A        B        C        D        E       F      G
               +--------+--------+--------+--------+--------+-----+--------+
         Total |   3633 |   3543 |     90 |    248 |      0 |   5 |  726.6 |
       Dungeon |   3441 |   3351 |     90 |    154 |      0 |   4 |  860.2 |
         Sewer |    191 |    191 |      0 |     94 |      0 |   1 |  191.0 |
               +--------+--------+--------+--------+--------+-----+--------+

Top non-repeatable levels by time:
     D:2: 1342 daAuts
     D:1: 1138 daAuts
     D:3: 876 daAuts
   Sewer: 191 daAuts
     D:4: 84 daAuts
